cohdb
Replays
Latest Replays
All Replays
Popular Replays
Top Player Replays
Match Explorer
How It Works
Community
CoH3 Stats
Reddit
Sign in to upload your games and track your stats! →
Sign in with Steam
Match 42344217
Unlisted
Match 42344217
Overview
Messages
Build Orders
End
Kradschützen Motorcycle Team
Panzergrenadier Squad
Panzergrenadier Squad
Construct Light Support Kompanie
MG34 Team
Fire Support Elements
Panzerjäger Mechanized Group
Flakvierling Half-track
Panzerjäger Squad
Construct Mechanized Kompanie
StuG III D Assault Gun
Panzergrenadier Squad
Veteran Squad Leaders
Selects Panzerjäger Kommand Battlegroup
Selects Tank Busters
Selects Mine Fields
Pak 38 Anti-tank Gun Team
Construct Panzerarmee Kommand
Armored Reserves
2.5-tonne Medical Truck
Saueee
Hurricane
anethma
Einherjer
0
0
Comments
sign in to comment!
No comments posted yet!